 Dungeon Sprint DCSS version 0.32-a0-42-ga30500b4d3 (webtiles) character file.

Game seed: 9103984486327434355

96 rocky1 the Covered (level 4, -3/39 HPs)
             Began as a Demonspawn Fighter on Jan 29, 2024.
             Was an Initiate of Gozag.
             Killed by divine providence
             ... invoked by an orc priest
              (14 damage)
             ... in the Dungeon (Sprint VII: "The Pits").
             The game lasted 00:01:09 (355 turns).

rocky1 the Covered (Demonspawn Fighter)              Turns: 355, Time: 00:01:10

Health: -3/39      AC:  9    Str: 17    XL:     4   Next: 41%
Magic:  4/4        EV: 10    Int:  8    God:    Gozag
Gold:   432        SH:  5    Dex: 14    Spells: 3/3 levels left

rFire   . . .        a - +0 long sword
rCold   . . .        c - +0 buckler
rNeg    . . .        f - +3 ring mail
rPois   .            (no helmet)
rElec   .            (no cloak)
rCorr   .            (no gloves)
SInv    .            (no boots)
Will    .....        (no amulet)
Stlth   +            (no ring)
HPRegen 0.26/turn    (no ring)
MPRegen 0.09/turn

%: no teleportation
@: no status effects
A: claws 1
a: Renounce Religion, Potion Petition, Call Merchant, Bribe Branch


You were in the Dungeon.
You worshipped Gozag.
Gozag was aware of your devotion.
You visited 1 branch You collected 432 gold pieces.

Inventory:

Hand Weapons
 a - a +0 long sword (weapon)
Armour
 c - a +0 buckler (worn)
 f - a +3 ring mail (worn)
Scrolls
 j - a scroll of blinking
 l - 2 scrolls of vulnerability
 m - 5 scrolls of amnesia
 n - a scroll of summoning
Potions
 b - 5 potions of heal wounds
 d - a potion of might
 e - 6 potions of curing
 g - a potion of haste
 h - 4 potions of magic
 i - 2 potions of berserk rage
 k - 2 potions of invisibility


   Skills:
 + Level 5.2 Fighting
 + Level 3.3 Long Blades
 + Level 5.5 Armour
 + Level 0.4 Dodging
 + Level 4.7 Shields


You had 3 spell levels left.
You didn't know any spells.
Your spell library was empty.

Dungeon Overview and Level Annotations

Branches:
Dungeon (1/1)

Altars:
Ashenzari
Cheibriados
Dithmenos
Fedhas
Gozag
Hepliaklqana
Kikubaaqudgha
Makhleb
Nemelex Xobeh
Okawaru
Qazlal
Ru
Sif Muna
Trog
Uskayaw
Vehumet
Wu Jian
Xom
Yredelemnul
Jiyva
Lugonu

Annotations:
D Terence


Innate Abilities, Weirdness & Mutations

You have sharp fingernails.


Message History

There is an open door here.
The endoplasm quivers.
The orc wizard casts a spell at you. You resist with some effort.
The sky beast flickers out of sight!
Deactivating autopickup; reactivate with Ctrl-A.
The orc wizard hits you but does no damage.
The orc priest attacks as it pursues you!
The orc priest completely misses you.
There is an open door here.
A warg comes into view.
The orc wizard casts a spell at you.
The magic dart hits you but does no damage.
The orc priest begins to cast a cantrip, but forgets the words!
The warg howls!
The orc wizard hits you but does no damage.
A sky beast appears from thin air!
Reactivating autopickup.
Terence the Incautious comes into view.
He is wielding a +0 flail.
You barely miss the orc wizard.
The orc wizard hits you but does no damage. x2
You hit the orc wizard but do no damage.
A black bear comes into view.
The orc wizard closely misses you.
You barely miss the orc wizard.
The black bear growls angrily.
The orc wizard barely misses you.
You closely miss the orc wizard.
The orc wizard gestures at you while chanting.
The puff of flame hits you.
The orc warrior hits you from afar with a +0 trident!
You barely miss the orc wizard.
The orc warrior hits you from afar with a +0 trident!
You closely miss the warg. The warg misses you.
The orc warrior hits you from afar with a +0 trident!
* * * LOW HITPOINT WARNING * * *
The warg bites you but does no damage. You block the orc warrior's attack.
The orc priest mumbles some strange prayers to Beogh against you.
Beogh smites you!
You die...
Your body crumbles into a pile of gold.

#'#####'#####.....
#.#...#.#..##.....
#.#...#.#))#####'#
#.#...'.#)[##.....
#.##'####))##.....
#.#.....#[.##.....
#.#.....#'###...<.
#.#........##.....
#@#........##.....
#h###########.....


#ooJoo..# ###### #Yo#.#..# #h## # #.@ #.# #.. #.. You could see a warg, an orc
warrior, a black bear, a sky beast, Terence, an orc priest and an orc wizard.

Vanquished Creatures
  A phantom (D)
  An adder (D)
  An adder zombie (D)
  An endoplasm (D)
  A hobgoblin (D)
  A quokka (D)
  2 frilled lizards (D)
  A quokka skeleton (D)
9 creatures vanquished.

Notes
Turn   | Place    | Note
-------+----------+-------------------------------------------
     0 | D        | rocky1 the Demonspawn Fighter began the quest for the Orb.
     0 | D        | Reached XP level 1. HP: 18/18 MP: 1/1
    40 | D        | Found a bloodstained altar of Trog.
    40 | D        | Found a shimmering blue altar of Sif Muna.
    40 | D        | Found a viscous altar of Jiyva.
    40 | D        | Found a hazy altar of Hepliaklqana.
    40 | D        | Found an opulent altar of Gozag.
    41 | D        | Found a basalt altar of Yredelemnul.
    41 | D        | Found a shimmering altar of Xom.
    41 | D        | Found an ornate altar of the Wu Jian Council.
    41 | D        | Found a sacrificial altar of Ru.
    41 | D        | Found a stormy altar of Qazlal.
    41 | D        | Found an iron altar of Okawaru.
    41 | D        | Found a sparkling altar of Nemelex Xobeh.
    41 | D        | Found a burning altar of Makhleb.
    41 | D        | Found a blossoming altar of Fedhas.
    41 | D        | Found a shadowy altar of Dithmenos.
    41 | D        | Found a snail-covered altar of Cheibriados.
    44 | D        | Found a corrupted altar of Lugonu.
    44 | D        | Found a radiant altar of Vehumet.
    45 | D        | Found an ancient bone altar of Kikubaaqudgha.
    45 | D        | Found a hide-covered altar of Uskayaw.
    45 | D        | Found a broken altar of Ashenzari.
    48 | D        | Became a worshipper of Gozag Ym Sagoz the Greedy
   112 | D        | Noticed a phantom
   118 | D        | Gained mutation: You have sharp fingernails. [demonic
                  | ancestry]
   118 | D        | Reached XP level 2. HP: 25/25 MP: 2/2
   132 | D        | Killed a phantom
   133 | D        | Reached skill level 5 in Fighting
   133 | D        | Reached skill level 5 in Armour
   133 | D        | Reached XP level 3. HP: 32/33 MP: 3/3
   133 | D        | Reached XP level 4. HP: 38/39 MP: 4/4
   344 | D        | Noticed an orc warrior
   344 | D        | Noticed a sky beast
   348 | D        | Noticed a warg
   349 | D        | Noticed Terence
   351 | D        | Noticed a black bear
   355 | D        | Killed from afar by an orc priest

Illustrated notes

Levels and vault maps discovered:
D:        pitsprint [storerooms_1, entrance_room_1, metal_vault_6, armoury_1,
          mini_pit_1, grid_room_1, main_hall_1, silver_pit, the_coven_3,
          the_vestibule_1, steel_vault_1, golden_pit, hallway_of_sentries,
          crystal_vault_2, iron_vault_3, final_vault]

Skill      XL: |  1  2 |
---------------+-------+-----
Armour         | 3 5 |  5.5
Shields        | 3 4 |  4.7
Fighting       | 5 |  5.2
Long Blades    | 3 |  3.3
Dodging        | |  0.4

Action                     |  1- 3 |  4- 6 || total
---------------------------+-------+-------++-------
  Melee: Long sword        |    36 |     7 ||    43
    Use: Potion            |     2 |       ||     2
 Armour: Scale mail        |    30 |       ||    30
         Ring mail         |       |    10 ||    10
  Dodge: Dodged            |    10 |     5 ||    15
  Block: Buckler           |     9 |     1 ||    10

Table legend: (Time is in decaauts)
 A = Elapsed time spent in this place.
 B = Non-inter-level travel time spent in this place.
 C = Inter-level travel time spent in this place.
 D = Time resting spent in this place.
 E = Time spent auto-exploring this place.
 F = Levels seen in this place.
 G = Mean time per level.
                   A        B        C        D        E       F      G
               +--------+--------+--------+--------+--------+-----+--------+
         Total |    372 |    353 |     19 |    171 |      0 |   1 |  372.0 |
       Dungeon |    372 |    353 |     19 |    171 |      0 |   1 |  372.0 |
               +--------+--------+--------+--------+--------+-----+--------+

Top non-repeatable levels by time:
       D: 372 daAuts
